 Dungeon Crawl Stone Soup version 0.23.2-30-g0e89c35649 (webtiles) character file.

Game seed: 18301262057227160307

211 Folque the Gusty (level 5, -2/28 HPs)
             Began as a Tengu Air Elementalist on June 20, 2019.
             Slain by an ice beast (11 damage)
             ... on level 4 of the Dungeon.
             The game lasted 00:09:19 (2489 turns).

Folque the Gusty (Tengu Air Elementalist)           Turns: 2489, Time: 00:09:19

Health: -2/28      AC:  2    Str:  8    XL:     5   Next: 88%
Magic:  0/11       EV: 13    Int: 16    God:
Gold:   131        SH:  0    Dex: 15    Spells: 0/11 levels left

rFire    . . .     SeeInvis .   d - +1 dagger (venom)
rCold    . . .     Gourm    .   (no shield)
rNeg     . . .     Faith    .   a - +0 robe
rPois    .         Spirit   .   (helmet restricted)
rElec    .         Reflect  .   (no cloak)
rCorr    .         Harm     .   (no gloves)
MR       .....                  (boots unavailable)
Stlth    +++.......             (no amulet)
HPRegen  0.09/turn              s - ring of stealth
MPRegen  0.12/turn              (no ring)

@: very slightly contaminated
A: beak, talons 3, able to fly
a: Fly


You were on level 4 of the Dungeon.
You were not hungry.

You visited 1 branch of the dungeon, and saw 4 of its levels.

You collected 131 gold pieces.

Inventory:

Hand Weapons
 b - a +0 dagger
 d - a +1 dagger of venom (weapon)
 k - a cursed +0 hand axe
 r - a +0 blowgun
Missiles
 m - 63 poisoned needles
Armour
 a - a +0 robe (worn)
 y - a scarf of repulsion
Magical Staves
 z - an uncursed staff of power {unknown}
Jewellery
 s - a ring of stealth (left hand)
 v - a +4 ring of protection {unknown}
 x - a cursed -3 ring of dexterity {unknown}
Scrolls
 j - 2 scrolls of identify
 l - 6 scrolls of teleportation
 q - a scroll of fog {unknown}
 w - a scroll of enchant armour {unknown}
Potions
 e - a potion of flight {unknown}
 g - 2 potions of curing
 h - a potion of heal wounds {unknown}
 i - a potion of agility {unknown}
 n - 2 potions of haste {unknown}
 o - a potion of invisibility {unknown}
 p - a potion of brilliance {unknown}
 t - 4 potions of resistance {unknown}
 u - 2 potions of lignification {unknown}
Comestibles
 c - 5 rations
 f - a chunk of flesh


   Skills:
 - Level 2.1 Dodging
 - Level 2.0 Stealth
 * Level 3.6 Spellcasting
 + Level 3.9 Conjurations
 * Level 5.9 Air Magic


You couldn't memorise any spells.
You knew the following spells:

 Your Spells              Type           Power        Failure   Level  Hunger
a - Shock                 Conj/Air       ###.         2%          1    None
b - Swiftness             Chrm/Air       ##......     8%          2    ##.....
c - Static Discharge      Conj/Air       ###.....     7%          3    ###....
d - Lightning Bolt        Conj/Air       ###.......   54%         5    ######.

Your spell library contained the following spells:

 Spells                   Type           Power        Failure   Level  Hunger
 Magic Dart               Conj           ###.         3%          1    None
 Mephitic Cloud           Conj/Pois/Air  ##......     14%         3    ###....
 Airstrike                Air            ###.......   16%         4    ####...
 Conjure Flame            Conj/Fire      #.......     24%         3    ###....
 Blink                    Tloc           N/A          26%         2    ##.....
 Call Imp                 Summ           #.......     26%         2    ##.....
 Slow                     Hex            #.......     26%         2    ##.....


Dungeon Overview and Level Annotations

Branches:
Dungeon (4/15)
 Temple: D:4-7

Altars:
Elyvilon
Wu Jian


Innate Abilities, Weirdness & Mutations

You have a beak for a mouth.
You have claws for feet.
You can fly continuously.


Message History

Press: ? - help, Shift-Dir - straight line The zap hits the ice beast.
The ice beast is almost dead.
You hit the ice beast but do no damage. Your peck misses the ice beast.
The ice beast is almost dead.
The ice beast barely misses you.
You hit the ice beast.
The ice beast is almost dead.
The ice beast hits you. The ice beast freezes you!
Ouch! That really hurt!
You hit the ice beast but do no damage.
The ice beast is almost dead.
The ice beast hits you but does no damage.
You closely miss the ice beast. Your kick misses the ice beast.
The ice beast is almost dead.
The ice beast barely misses you.
You hit the ice beast but do no damage.
The ice beast is almost dead.
The ice beast hits you. The ice beast freezes you!
You die...

..###............##
......###........#######
...####
###.....##.....## ...#
##....#.......# ...#
###..........# ..##
##.........## ..#
#...........# .####
#..Y........# .##.##
#..@........# .....#
#...........# .....#
##..........# .....##
#..........# ......#
#.........## ......#
#.......### ......#
##....### .<....# #.####
..)...# #.#


You could see an ice beast.

Vanquished Creatures
  A howler monkey (D:3)
  An orc priest (D:3)
  4 adders
  2 oozes
  3 leopard geckos
  8 orcs (D:3)
  3 giant cockroaches
  4 goblins
  13 hobgoblins
  14 jackals (D:3)
  3 ball pythons
  8 bats
  9 frilled lizards
  7 kobolds
  9 rats
89 creatures vanquished.

Notes
Turn   | Place    | Note
-------+----------+-------------------------------------------
     0 | D:1      | Folque the Tengu Air Elementalist began the quest for the
                  | Orb.
     0 | D:1      | Reached XP level 1. HP: 10/10 MP: 4/4
    92 | D:1      | Reached XP level 2. HP: 8/15 MP: 3/6
   479 | D:1      | Reached XP level 3. HP: 16/19 MP: 8/8
   547 | D:1      | Learned a level 2 spell: Swiftness
   551 | D:1      | Learned a level 3 spell: Static Discharge
   993 | D:2      | Reached XP level 4. HP: 12/24 MP: 7/9
   995 | D:2      | Found a white marble altar of Elyvilon.
  1206 | D:2      | Found an ornate altar of the Wu Jian Council.
  1540 | D:3      | Reached skill level 5 in Air Magic
  1546 | D:3      | Gained mutation: You can fly continuously. [Tengu growth]
  1546 | D:3      | Reached XP level 5. HP: 15/28 MP: 0/11
  2314 | D:4      | Learned a level 5 spell: Lightning Bolt
  2469 | D:4      | Noticed an ice beast
  2489 | D:4      | Slain by an ice beast

Skill      XL: |  1  2  3  4 |
---------------+-------------+-----
Conjurations   | 2 3 |  3.9
Spellcasting   | 3 |  3.6
Air Magic      | 5 |  5.9
Dodging        | |  2.1
Stealth        | |  2.0

Action                   |  1- 3 |  4- 6 || total
-------------------------+-------+-------++-------
Melee: Dagger            |    55 |    50 ||   105
       Kick              |    11 |     8 ||    19
       Peck              |     5 |     8 ||    13
 Cast: Shock             |    25 |    31 ||    56
       Static Discharge  |     1 |     4 ||     5
       Swiftness         |       |     1 ||     1
       Lightning Bolt    |       |     1 ||     1
  Use: Scroll            |       |     6 ||     6
       Potion            |       |     1 ||     1
 Stab: Sleeping          |     1 |     1 ||     2
  Eat: Chunk             |       |     6 ||     6
Armor: Robe              |     5 |     9 ||    14
Dodge: Dodged            |    37 |    59 ||    96
